 Dungeon Crawl Stone Soup version 0.31-a0-564-g3b7de120b3 (webtiles) character file.

Game seed: 15854729471290572048

4001 heikuro the Cleaver (level 10, -8/80 HPs)
             Began as a Formicid Fighter on Aug 18, 2023.
             Was a Believer of Cheibriados.
             Mangled by a sixfirhy (10 damage)
             ... summoned by a kobold demonologist
             ... on level 8 of the Dungeon.
             The game lasted 00:16:05 (7319 turns).

heikuro the Cleaver (Formicid Fighter)              Turns: 7319, Time: 00:16:05

Health: -8/80      AC: 17    Str: 29    XL:     10   Next: 46%
Magic:  7/10       EV:  7    Int: 14    God:    Cheibriados [**....]
Gold:   474        SH:  7    Dex: 18    Spells: 9/9 levels left

rFire   . . .        o - +5 flail
rCold   . . .        c - +0 buckler
rNeg    + . .        t - +0 plate armour
rPois   .            (helmet unavailable)
rElec   .            j - +0 cloak
rCorr   .            z - +0 pair of gloves
SInv    +            i - +0 pair of boots
Will    +....        (no amulet) Stlth
                     A - ring of positive energy
HPRegen 0.33/turn    (no ring)
MPRegen 0.12/turn

%: no passive effects
@: very slow
A: permanent stasis, dig shafts and tunnels, antennae 3, four strong arms
a: Dig, Shaft Self, Renounce Religion, Bend Time


You were on level 8 of the Dungeon.
You worshipped Cheibriados.
Cheibriados was pleased with you.
You visited 2 branches of the dungeon, and saw 9 of its levels.
You also visited: Sewer.

You collected 474 gold pieces.

Inventory:

Hand Weapons
 a - a +0 war axe
 o - a +5 flail (weapon)
 y - a +1 whip of electrocution
Missiles
 m - 21 poisoned darts (quivered)
Armour
 c - a +0 buckler (worn)
 i - a +0 pair of boots (worn)
 j - a +0 cloak (worn)
 t - a +0 plate armour (worn)
 z - a +0 pair of gloves (worn)
Jewellery
 A - a ring of positive energy (left hand)
Wands
 l - a wand of quicksilver (6)
 s - a wand of charming (16)
 v - a wand of mindburst (15)
Scrolls
 b - a scroll of blinking {unknown}
 e - 5 scrolls of teleportation {unknown}
 k - 5 scrolls of identify
 n - 2 scrolls of immolation {unknown}
 p - 2 scrolls of amnesia {unknown}
 q - a scroll of butterflies {unknown}
 r - a scroll of poison {unknown}
 u - 2 scrolls of fear {unknown}
Potions
 d - 3 potions of might
 f - a potion of attraction
 g - 3 potions of heal wounds
 h - 5 potions of curing
 w - a potion of mutation
 x - 3 potions of lignification


   Skills:
 + Level 7.8 Fighting
 * Level 9.4 Axes
 + Level 7.8 Armour
 + Level 9.4 Shields


You had 9 spell levels left.
You didn't know any spells.
Your spell library contained the following spells:

 Spells                   Type           Power      Damage    Failure   Level
 Freeze                   Ice            0%         1d3       96%         1
 Slow                     Hex            0%         N/A       96%         1
 Call Imp                 Summ           0%         N/A       99%         2
 Lesser Beckoning         Tloc           0%         N/A       99%         2
 Confusing Touch          Hex            0%         N/A       100%        3
 Frozen Ramparts          Ice            0%         1d1       100%        3
 Gell's Gravitas          Tloc           0%         N/A       100%        3
 Hailstorm                Conj/Ice       0%         3d3       100%        3
 Ignite Poison            Fire/Tmut/Pois 0%         N/A       100%        3
 Teleport Other           Tloc           0%         N/A       100%        3
 Vampiric Draining        Necr           0%         2d6       100%        3
 Animate Armour           Summ/Erth      0%         N/A       100%        4
 Sticky Flame             Conj/Fire      0%         2d3       100%        4
 Summon Ice Beast         Ice/Summ       0%         N/A       100%        4
 Summon Lightning Spire   Summ/Air       0%         N/A       100%        4
 Alistair's Intoxication  Tmut/Pois      0%         N/A       100%        5
 Lee's Rapid Deconstruct  Erth           0%         3d4*      100%        5
 Ignition                 Fire           0%         3d3       100%        8


Dungeon Overview and Level Annotations

Branches:
Dungeon (8/15)             Temple (1/1) D:5           Sewer (visited)
   Lair: D:8-11

Altars:
Ashenzari
Cheibriados
Elyvilon
Fedhas
Hepliaklqana
Kikubaaqudgha
Makhleb
Sif Muna
Uskayaw
Vehumet
Yredelemnul


Innate Abilities, Weirdness & Mutations

You cannot be hasted, slowed, berserked, paralysed or teleported.
You can dig through walls and to a lower floor.
You have a pair of large antennae on your head. (SInv)
Your four strong arms can wield two-handed weapons with a shield.


Message History

The sixfirhy hits you. The sixfirhy shocks you!
The sixfirhy barely misses you. x2
An orc comes into view. It is wielding a +0 flail.
The kobold hits you with a +0 short sword.
The kobold brigand hits you but does no damage.
The kobold demonologist hits you but does no damage.
Unknown command.
The flow of time bends around you.
The sixfirhy resists with some effort.
Cheibriados rebukes the kobold demonologist.
The kobold demonologist seems to slow down.
Cheibriados rebukes the kobold.
The kobold seems to slow down.
The kobold brigand resists with some effort.
The orc shouts!
The kobold brigand hits you but does no damage.
The orc wizard mumbles some strange words.
The orc wizard flickers and vanishes for a moment.
You hit the kobold demonologist but do no damage.
The kobold demonologist is lightly wounded.
You block the kobold's attack.
You block the kobold demonologist's attack.
The kobold brigand hits you with a +0 whip.
You block the sixfirhy's attack.
Unknown command.
You sock the kobold demonologist!
The kobold demonologist is moderately wounded.
The sixfirhy hits you. The sixfirhy shocks you!
* * * LOW HITPOINT WARNING * * *
The sixfirhy closely misses you.
The sixfirhy hits you but does no damage.
The sixfirhy hits you.
* * * LOW HITPOINT WARNING * * *
The sixfirhy shocks you!
* * * LOW HITPOINT WARNING * * *
The kobold brigand barely misses you. The kobold hits you but does no damage.
The kobold demonologist hits you but does no damage.
You sock the kobold demonologist!
The kobold demonologist is severely wounded.
You hear a shout!
The sixfirhy hits you!
You die...

#..........
#(.........
#..........
#..........
#..........
########..........
#........3KK......
#........)@KKoo...
#.......#####.....
#.......# , ...
#.......# {,.
#...<...#
#.......#
....######## ....
...


You could see a kobold demonologist (slow), a sixfirhy (summoned), a kobold
brigand, an orc wizard (invisible), an orc and 2 kobolds.

Vanquished Creatures
  A two-headed ogre (D:7)
  A cyclops (D:7)
  A kobold demonologist (D:7)
  A steam dragon (D:7)
  Duvessa (D:4)
  3 water moccasins
  An orc warrior (D:7)
  4 ice beasts (D:7)
  2 black bears
  2 centaurs
  A kobold brigand (D:7)
  A bullfrog (D:7)
  3 scorpions
  Dowan (D:4)
  2 howler monkeys
  A hound (D:6)
  3 jellies
  Crazy Yiuf (D:6)
  3 orc priests
  2 gnoll boudas (D:7)
  6 iguanas
  A sleepcap (D:4)
  Natasha (twice) (D:2)
  6 orc wizards
  5 gnolls
  11 adders
  4 river rats (D:5)
  A shadow imp (D:6)
  5 white imps
  3 ufetubi
  A worm (D:3)
  A dart slug (D:1)
  35 orcs
  4 bats
  3 endoplasms
  4 giant cockroaches
  3 goblins
  4 hobgoblins
  A quokka (D:3)
  9 ball pythons
  8 frilled lizards
  11 kobolds
  6 rats
169 creatures vanquished.

Notes
Turn   | Place    | Note
-------+----------+-------------------------------------------
     0 | D:1      | heikuro the Formicid Fighter began the quest for the Orb.
     0 | D:1      | Reached XP level 1. HP: 18/18 MP: 1/1
   211 | D:1      | Reached XP level 2. HP: 24/24 MP: 2/2
   759 | D:1      | Reached XP level 3. HP: 23/29 MP: 3/3
  1222 | D:2      | Noticed Natasha
  1238 | D:2      | Killed Natasha
  1239 | D:2      | Reached XP level 4. HP: 23/37 MP: 4/4
  1338 | D:2      | Noticed Natasha
  1358 | D:2      | Killed Natasha
  1911 | D:2      | Found a faded altar of an unknown god.
  2119 | D:2      | Reached XP level 5. HP: 42/42 MP: 5/5
  2493 | D:3      | Noticed a centaur
  2502 | D:3      | Killed a centaur
  2503 | D:3      | Reached skill level 5 in Shields
  2503 | D:3      | Reached XP level 6. HP: 26/48 MP: 6/6
  3116 | D:4      | Noticed Dowan
  3134 | D:4      | Noticed Duvessa
  3148 | D:4      | Killed Duvessa
  3149 | D:4      | Reached XP level 7. HP: 19/55 MP: 7/7
  3162 | D:4      | Killed Dowan
  3399 | D:4      | Reached skill level 5 in Axes
  3588 | D:5      | Entered Level 5 of the Dungeon
  3724 | D:5      | Reached skill level 5 in Fighting
  3724 | D:5      | Reached skill level 5 in Armour
  3797 | D:5      | Found a glowing drain.
  3834 | Sewer    | Entered a sewer
  3982 | Sewer    | Reached XP level 8. HP: 62/62 MP: 8/8
  4240 | D:5      | Found a broken altar of Ashenzari.
  4912 | D:5      | Found a staircase to the Ecumenical Temple.
  4918 | Temple   | Entered the Ecumenical Temple
  4967 | Temple   | Became a worshipper of Cheibriados the Contemplative
  5265 | D:6      | Found a runed translucent door.
  5266 | D:6      | Noticed Crazy Yiuf
  5274 | D:6      | Killed Crazy Yiuf
  5718 | D:7      | Reached * piety under Cheibriados
  5726 | D:7      | Reached XP level 9. HP: 67/69 MP: 9/9
  5770 | D:7      | Identified the +1 leather armour of Wariness {Rampage}
  5968 | D:7      | Noticed a two-headed ogre
  5981 | D:7      | Killed a two-headed ogre
  6955 | D:7      | Reached XP level 10. HP: 73/79 MP: 10/10
  6990 | D:7      | Reached ** piety under Cheibriados
  7127 | D:7      | Noticed a kobold demonologist
  7158 | D:7      | Killed a kobold demonologist
  7168 | D:7      | Noticed a cyclops
  7175 | D:7      | Killed a cyclops
  7231 | D:7      | Got Isywama's Commentary on the Changing Retinue
  7309 | D:8      | Noticed a kobold demonologist
  7313 | D:8      | Noticed a sixfirhy
  7318 | D:8      | HP: 2/80 [sixfirhy[a kobold demonologist] (12)]
  7319 | D:8      | Mangled by a sixfirhy

Illustrated notes

Levels and vault maps discovered:
D:1:      wheals_arrival_linesprint, layout_basic, supply_closet_lemuel
D:2:      layout_basic, basic_ecumenical_altar, minmay_split_cup_large,
          uniq_natasha
D:3:      layout_rooms, solitary_fountain, feat_on_display
D:4:      layout_rooms, nicolae_nh_ransacked_shop, uniq_duvessa
D:5:      layout_gridville, ashenzari_altar_1,
          minmay_temple_entry_enclosed_plants, portal_sewer_entry_c
D:6:      layout_basic, uniq_crazy_yiuf_cottage
D:7:      kennysheep_windowed_halls, layout_loops_ring, st_stairs_11
D:8:      layout_gridville, uniq_grum, uniq_jeremiah
Temple:   eino_temple_lava

Skill      XL: |  1  2  3  4  5  6  7  8  9 10 |
---------------+-------------------------------+-----
Axes           | 3 4 5 6 8 9 |  9.4
Armour         | 4 5 6 7 |  7.8
Fighting       | 4 5 6 7 |  7.8
Shields        | 5 6 7 8 9 |  9.4

Action                     |  1- 3 |  4- 6 |  7- 9 | 10-12 || total
---------------------------+-------+-------+-------+-------++-------
  Melee: War axe           |    60 |    22 |       |       ||    82
         Flail             |       |    81 |   277 |    93 ||   451
  Throw: Dart              |     3 |     4 |     4 |       ||    11
 Invoke: Bend Time         |       |       |       |     1 ||     1
Ability: Dig               |       |       |     2 |       ||     2
    Use: Scroll            |       |     4 |     3 |       ||     7
 Armour: Scale mail        |    34 |    55 |       |       ||    89
         Plate armour      |       |    14 |   215 |    50 ||   279
  Dodge: Dodged            |    28 |    60 |   107 |    35 ||   230
  Block: Buckler           |    21 |    39 |    85 |    32 ||   177

Table legend: (Time is in decaauts)
 A = Elapsed time spent in this place.
 B = Non-inter-level travel time spent in this place.
 C = Inter-level travel time spent in this place.
 D = Time resting spent in this place.
 E = Time spent auto-exploring this place.
 F = Levels seen in this place.
 G = Mean time per level.
                   A        B        C        D        E       F      G
               +--------+--------+--------+--------+--------+-----+--------+
         Total |   8037 |   7711 |    326 |    814 |   4670 |  10 |  803.7 |
       Dungeon |   7503 |   7177 |    326 |    746 |   4530 |   8 |  937.9 |
        Temple |     58 |     58 |      0 |      0 |      0 |   1 |   58.0 |
         Sewer |    476 |    476 |      0 |     68 |    140 |   1 |  476.0 |
               +--------+--------+--------+--------+--------+-----+--------+

Top non-repeatable levels by time:
     D:7: 1963 daAuts
     D:2: 1240 daAuts
     D:5: 1105 daAuts
     D:1: 1066 daAuts
     D:6: 762 daAuts
     D:4: 751 daAuts
     D:3: 587 daAuts
   Sewer: 476 daAuts
  Temple: 58 daAuts
     D:8: 26 daAuts
